 Dungeon Crawl Stone Soup version 0.17-a0-719-g32c6a46 (webtiles) character file.

151 Pikaro the Grave Robber (level 5, 0/35 HPs)
             Began as a Vampire Necromancer on Apr 20, 2015.
             Slain by Sigmund
             ... wielding a +0 scythe of venom
              (13 damage)
             ... on level 3 of the Dungeon.
             The game lasted 00:11:33 (6297 turns).

Pikaro the Grave Robber (Vampire Necromancer)       Turns: 6297, Time: 00:11:33

Health: 0/35       AC:  5    Str:  7    XL:     5   Next: 11%
Magic:  1/8        EV: 15    Int: 19    God:
Gold:   47         SH:  0    Dex: 14    Spells: 3 memorised, 1 level left

rFire  . . .     SeeInvis +     (no weapon)
rCold  . . .     Clarity  .     a - +0 robe
rNeg   + . .     SustAb   .     (no shield)
rPois  .         Gourm    .     (no helmet)
rElec  .         Spirit   .     (no cloak)
rCorr  .         Warding  .     (no gloves)
rMut   .         Stasis   .     (no boots)
MR     .....                    (no amulet)
Stlth  ++........               f - +3 ring of evasion
                                i - +3 ring of protection

@: lethally poisoned (0 -> -3), not resistant to hostile enchantments,
unstealthy
A: fangs 3, see invisible, unbreathing
a: Bat Form


You were on level 3 of the Dungeon.
You were not thirsty.

You visited 1 branch of the dungeon, and saw 3 of its levels.

You collected 47 gold pieces.

Inventory:

Armour
 a - a +0 robe (worn)
Jewellery
 f - a +3 ring of evasion (right hand)
   (You found it on level 2 of the Dungeon)
 i - a +3 ring of protection (left hand)
   (You found it on level 2 of the Dungeon)
 k - an uncursed ring of teleportation {+/*tele}
   (You found it on level 2 of the Dungeon)
Scrolls
 d - a scroll of magic mapping {unknown}
 h - a scroll of recharging
Potions
 c - 3 potions of blood {@q1}
 e - a potion of haste {unknown}
 g - a potion of brilliance
 j - a potion of agility
 l - a potion of berserk rage {unknown}
Books
 b - a book of Necromancy


   Skills:
 - Level 2.1 Dodging
 - Level 3.0 Stealth
 - Level 2.0 Spellcasting
 + Level 7.1 Necromancy


You had one spell level left.
You knew the following spells:

 Your Spells              Type           Power        Failure   Level  Hunger
a - Pain                  Necr           ####         1%          1    #......
g - Regeneration          Chrm/Necr      ###.......   12%         3    ###....
A - Vampiric Draining     Necr           ####......   2%          3    ###....


Dungeon Overview and Level Annotations

Branches:
Dungeon (3/15)

Altars:
Ashenzari
Elyvilon

Annotations:
D:3 Sigmund; Viceroy's ghost, average DrWr


Innate Abilities, Weirdness & Mutations

You have razor-sharp teeth.
You have supernaturally acute eyesight.
You can survive without breathing.


Message History

Viceroy's ghost blinks!
You see here a dagger.
There is a stone staircase leading up here.
Your surroundings seem slightly different.
A giant cockroach comes into view.
Aim: a giant cockroach (clinging, chance 93%)
The giant cockroach convulses in agony!
You don't know that spell.
You can't do that.
You take 1 damage, and have 33/35 hp.
You now have 6/8 mp.
Aim: a giant cockroach (moderately wounded, clinging, chance 93%)
The giant cockroach convulses in agony!
Viceroy's ghost casts a spell.
Viceroy's ghost blinks!
You take 1 damage, and have 32/35 hp.
You now have 5/8 mp.
Aim: a giant cockroach (heavily wounded, chance 93%)
The giant cockroach convulses in agony!
You kill the giant cockroach!
A goblin comes into view. It is wielding a club.
The goblin shouts!
Viceroy's ghost casts a spell.
Viceroy's ghost blinks!
The goblin hits you but does no damage. The goblin hits you but does no damage.
Aim: a goblin, wielding a club (chance 93%)
The goblin convulses in agony!
The goblin misses you.
You take 1 damage, and have 32/35 hp.
Aim: a goblin, wielding a club (heavily wounded, chance 93%)
The goblin convulses in agony!
You kill the goblin!
You take 1 damage, and have 31/35 hp.
You now have 4/8 mp.
A goblin comes into view.
The goblin misses you.
You hit the goblin. The goblin hits you but does no damage.
You hit the goblin. The goblin misses you.
You hit the goblin but do no damage. The goblin hits you but does no damage.
You hit the goblin.
You kill the goblin!
Viceroy's ghost casts a spell.
Viceroy's ghost blinks!
You see here a goblin corpse.
Viceroy's ghost points at you and mumbles some strange words.
You resist with some effort.
Viceroy's ghost gestures at you while chanting.
You feel strangely unstable.
Your surroundings suddenly seem different.
You start resting.
Health restored: 35; MP restored: 8; Total turns waited: 7 You see here a goblin corpse.
d - a scroll labeled NUBLOA BEMA You now have 47 gold pieces (gained 4).
l - a lumpy coppery potion A rat comes into view.
Sigmund the Dreaded comes into view.
He is wielding a scythe of venom.
Aim: a rat (resting, chance 93%)
The rat convulses in agony!
You kill the rat!
You take 1 damage, and have 34/35 hp.
You now have 7/8 mp.
You can't go up here!
Memorise Vampiric Draining, consuming 3 spell levels and leaving 4?
You start memorising the spell.
You continue memorising.
You continue memorising. x2
You finish memorising.
Spell assigned to 'A'.
Memorise Regeneration, consuming 3 spell levels and leaving 1?
You start memorising the spell.
You continue memorising.
You continue memorising. x2
You finish memorising.
Spell assigned to 'g'.
Health restored: 35; MP restored: 8
Okay, then.
Really walk into a travel-excluded area?
Sigmund casts a spell at you. You resist with some effort.
Sigmund giggles. "Time to reap what you sow."
Sigmund gestures at you while chanting. The puff of flame hits you!
You take 7 damage, and have 28/35 hp.
Aim: Sigmund, wielding a scythe of venom and wearing a robe (chance 89%) Sigmund convulses in agony!
You take 1 damage, and have 27/35 hp.
You now have 7/8 mp.
Aim: Sigmund, wielding a scythe of venom and wearing a robe (moderately wounded, chance 89%) Sigmund convulses in agony!
You take 1 damage, and have 26/35 hp.
You now have 6/8 mp.
Aim: Sigmund, wielding a scythe of venom and wearing a robe (heavily wounded, chance 89%) Sigmund barely resists.
You take 1 damage, and have 25/35 hp.
You now have 5/8 mp.
Aim: Sigmund, wielding a scythe of venom and wearing a robe (heavily wounded, chance 89%) Sigmund barely resists.
Sigmund hits you from afar with a scythe of venom.
You are poisoned.
You take 7 damage, and have 18/35 hp.
You now have 4/8 mp.
Aim: Sigmund, wielding a scythe of venom and wearing a robe (heavily wounded, chance 89%) Sigmund convulses in agony!
You feel sick.
You take 2 damage, and have 16/35 hp.
You now have 3/8 mp.
HP at 45%!
Aim: Sigmund, wielding a scythe of venom and wearing a robe (severely wounded, chance 89%) Sigmund convulses in agony!
Sigmund completely misses you.
You take 1 damage, and have 15/35 hp.
You now have 2/8 mp.
Aim: Sigmund, wielding a scythe of venom and wearing a robe (severely wounded, chance 89%) Sigmund convulses in agony!
You feel sick.
Sigmund hits you from afar with a scythe of venom!
You die...

#######.......# ##
.......##.......####.
........##.......#....
....$....##.......#....
..........##.......#....
..........##.......#...†
..........##.......####.
#..........###.#.....# #.
#.....@.@......#####.# #.
#...........########.###.
..........## #........
###....#### #........
#....# #........ #...#
#........ ... #........
.. #........ #####....


You could see Sigmund.

Vanquished Creatures
  Jessica (D:3)
  4 adders (D:2)
  An ooze (D:1)
  4 giant geckos
  2 ball pythons
  5 bats
  6 giant cockroaches
  11 goblins
  10 hobgoblins
  9 jackals
  4 quokkas
  3 giant newts
  8 kobolds
  8 rats
76 creatures vanquished.

Notes
Turn   | Place    | Note
--------------------------------------------------------------
     0 | D:1      | Pikaro, the Vampire Necromancer, began the quest for the Orb.
     0 | D:1      | Reached XP level 1. HP: 13/13 MP: 3/3
   408 | D:1      | Reached XP level 2. HP: 17/19 MP: 1/5
   486 | D:1      | Reached skill level 5 in Necromancy
  2262 | D:1      | Reached XP level 3. HP: 18/24 MP: 0/6
  4500 | D:2      | Found a shattered altar of Ashenzari.
  4561 | D:2      | Reached skill level 6 in Necromancy
  4613 | D:2      | Reached XP level 4. HP: 26/30 MP: 2/7
  5784 | D:2      | Found a white marble altar of Elyvilon.
  6056 | D:3      | Noticed Viceroy's ghost (average DrWr)
  6062 | D:3      | Noticed Jessica
  6068 | D:3      | Killed Jessica
  6068 | D:3      | Reached skill level 7 in Necromancy
  6068 | D:3      | Reached XP level 5. HP: 30/35 MP: 2/8
  6277 | D:3      | Noticed Sigmund
  6284 | D:3      | Learned a level 3 spell: Vampiric Draining
  6288 | D:3      | Learned a level 3 spell: Regeneration
  6297 | D:3      | Slain by Sigmund

Action                   |  1- 3 |  4- 6 || total
-------------------------+-------+-------++-------
Melee: Unarmed           |    25 |    21 ||    46
 Cast: Pain              |    69 |    68 ||   137
 Abil: End Transformatio |       |     1 ||     1
       Bat Form          |       |     1 ||     1
  Use: Potion            |     5 |     6 ||    11
       Scroll            |       |     6 ||     6
 Stab: Sleeping          |     1 |       ||     1

Vault maps used:
D:1:      dpeg_arrival_water_temple_mockup
D:2:      nicolae_ashenzari_panopticon, old_standard_altar
D:3:      first_bread, uniq_sigmund, uniq_jessica

Table legend:
 A = Turns spent in this place as a percentage of turns spent in the entire game.
 B = Non-inter-level travel turns spent in this place as a percentage of non-inter-level travel turns spent in the entire game.
 C = Inter-level travel turns spent in this place as a percentage of turns spent in this place.
 D = Turns resting spent in this place as a percentage of non-inter-level travel turns spent in this place.
 E = Turns spent auto-exploring this place as a percentage of non-inter-level travel turns spent in this place.
 F = Non-inter-level travel turns spent in this place divided by the number of levels of this place that you've seen.
                   A       B       C       D       E      F
               +-------+-------+-------+-------+-------+----------------------
         Total | 100.0 | 100.0 |   0.4 |  17.3 |   6.7 | 248.0
       Dungeon | 100.0 | 100.0 |   0.4 |  17.3 |   6.7 | 248.0
               +-------+-------+-------+-------+-------+----------------------

Table legend:
 A = Kills in this place as a percentage of kills in entire the game.
 B = Kills by you in this place as a percentage of kills by you in the entire game.
 C = Kills by friends in this place as a percentage of kills by friends in the entire game.
 D = Other kills in this place as a percentage of other kills in the entire game.
 E = Experience gained in this place as a percentage of experience gained in the entire game.
 F = Experience gained in this place divided by the number of levels of this place that you have seen.
                   A       B       C       D       E      F
               +-------+-------+-------+-------+-------+----------------------
         Total | 100.0 | 100.0 |  -nan |  -nan | 100.0 |  72.3
       Dungeon | 100.0 | 100.0 |  -nan |  -nan | 100.0 |  72.3
               +-------+-------+-------+-------+-------+----------------------
